 Dungeon Crawl Stone Soup version 0.29.1-15-g9cfb28693d (webtiles) character file.

Game seed: 9988624120520999325

67 browni3141 the Vexing (level 4, -1/32 HPs)
             Began as a Human Enchanter on Feb 24, 2023.
             Slain by a gnoll
             ... wielding a +0 flail
              (8 damage)
             ... on level 2 of the Dungeon.
             The game lasted 00:07:16 (3812 turns).

browni3141 the Vexing (Human Enchanter)             Turns: 3812, Time: 00:07:16

Health: -1/32      AC:  2    Str:  8    XL:     4   Next: 40%
Magic:  0/7        EV: 12    Int: 18    God:
Gold:   67         SH:  0    Dex: 13    Spells: 2/7 levels left

rFire   . . .      SeeInvis .   a - +1 dagger
rCold   . . .      Faith    .   (no shield)
rNeg    . . .      Spirit   +   b - +0 robe
rPois   .          Reflect  .   (no helmet)
rElec   .          Harm     .   (no cloak)
rCorr   .          Rampage  .   (no gloves)
Will    .....                   (no boots)
Stlth   ++........              G - amulet of guardian spirit
HPRegen 0.10/turn               (no ring)
MPRegen 0.10/turn               (no ring)

@: invisible
A: no striking features
a: no special abilities


You were on level 2 of the Dungeon.
You visited 1 branch of the dungeon, and saw 3 of its levels.

You collected 67 gold pieces.


   Skills:
 * Level 1.2 Fighting
 - Level 1.0 Short Blades
 - Level 2.0 Dodging
 - Level 3.0 Stealth
 * Level 2.1 Spellcasting
 - Level 4.0 Hexes
 - Level 2.0 Ice Magic


You had 2 spell levels left.
You knew the following spells:

 Your Spells              Type           Power      Damage    Failure   Level
o - Confusing Touch       Hex            16%        N/A       11%         3
z - Ensorcelled Hibernat  Hex/Ice        24%        N/A       8%          2

Your spell library contained the following spells:

 Spells                   Type           Power      Damage    Failure   Level
 Beastly Appendage        Tmut           2%         N/A       19%         1
 Wereblood                Tmut           1%         N/A       26%         2
 Tukima's Dance           Hex            16%        N/A       11%         3
 Dazzling Flash           Conj/Hex       18%        N/A       24%         3
 Spider Form              Tmut/Pois      1%         N/A       47%         3

Inventory:

Hand Weapons
 a - a +1 dagger (weapon)
 d - a +0 short sword
Armour
 b - a +0 robe (worn)
Jewellery
 G - an amulet of guardian spirit (around neck)
Scrolls
 f - a scroll of teleportation {unknown}
 j - a scroll of magic mapping {unknown}
 l - a scroll of identify {unknown}
 n - a scroll of amnesia {unknown}
Potions
 e - a potion of flight {unknown}
 g - a potion of cancellation {unknown}
 h - a potion of magic {unknown}
 i - a potion of might {unknown}
 k - 2 potions of brilliance {unknown}
 m - a potion of curing {unknown}

Dungeon Overview and Level Annotations

Branches:
Dungeon (3/15)

Altars:
Cheibriados
Vehumet
The Shining One

Annotations:
D:2 exclusion: adder, Jessica
D:3 3 runed translucent doors, dudediamond6's ghost, amateur OpBr

#### #.........#.........)#
...# #.#########.######.#.#
...# #.#.........#....#.#.#
...# #.#.#####.#.#.##.#.#.#
...######.#.#####........#.#.#
..<)...........>###.#.#..#.#.#
...######.#.#.#.# #.#.#..#.#.#
#### #.#.#.#.###.#.#..#.#.#
#.#.....@g#.#.#..#.#.#
#.###.#.#.#.#.#..#.#.#
#.....#<..#.#.#..#.#.#
####..........####.#.#
######..............[...#.#
#.................#######.#
#.........................#
#................[#########
######.#..........#


You could see a gnoll (unable to see you).


Message History

The gnoll misses you. The gnoll attacks as you move away! The gnoll misses you.
The gnoll attacks as you move away! The gnoll hits you with a +0 flail.
The gnoll attacks as you move away! The gnoll hits you with a +0 flail.
There is a stone staircase leading up here.
You climb upwards.
Level annotation: exclusion: adder, Jessica Reactivating autopickup.
There is a stone staircase leading down here.
The gnoll hits you with a +0 flail.
* * * LOW HITPOINT WARNING * * *
The gnoll attacks as you move away! The gnoll barely misses you.
You fade into invisibility!
The gnoll closely misses you.
You are too injured to fight recklessly!
You are too injured to fight recklessly!
You hit the gnoll but do no damage. The gnoll misses you.
You hit the gnoll.
The gnoll is lightly wounded.
The gnoll hits you with a +0 flail!
* * * LOW HITPOINT WARNING * * *
You are too injured to fight recklessly!
You are too injured to fight recklessly!
You are too injured to fight recklessly!
You are too injured to fight recklessly!
You hit the gnoll.
The gnoll is moderately wounded.
The gnoll hits you with a +0 flail!
You die...

Skill      XL: |  1  2  3  4 |
---------------+-------------+-----
Fighting       | 1 |  1.2
Hexes          | 4 |  4.0
Ice Magic      | 1 2 |  2.0
Short Blades   | |  1.0
Dodging        | |  2.0
Stealth        | |  3.0
Spellcasting   | |  2.1

Action                   |  1- 3 |  4- 6 || total
-------------------------+-------+-------++-------
Melee: Dagger            |   143 |    26 ||   169
 Cast: Ensorcelled Hiber |    11 |    16 ||    27
  Use: Potion            |       |     2 ||     2
 Stab: Sleeping          |    15 |     8 ||    23
       Invisible         |       |     1 ||     1
Armor: Robe              |    23 |     1 ||    24
Dodge: Dodged            |    97 |    15 ||   112

Levels and vault maps discovered:
D:1:      ncdulo_wetmaze, layout_loops_cross, basic_ecumenical_altar,
          kennysheep_nondescript
D:2:      layout_basic, basic_altar, minmay_heptomino_d4, uniq_jessica
D:3:      layout_loops_ring, nicolae_uskayaw_murder_on_the_dancefloor,
          mainiacjoe_overflow_catwalk, grunt_temple_overflow_open,
          gammafunk_ghost_icy, minivault_4, kennysheep_cluttered_room,
          minmay_misc_feat_alley, kennysheep_cross_bottleneck,
          minmay_curled_crystal

Notes
Turn   | Place    | Note
-------+----------+-------------------------------------------
     0 | D:1      | browni3141 the Human Enchanter began the quest for the Orb.
     0 | D:1      | Reached XP level 1. HP: 13/13 MP: 3/3
   314 | D:1      | Reached skill level 1 in Fighting
   599 | D:1      | Reached XP level 2. HP: 20/21 MP: 5/5
   988 | D:1      | Learned a level 2 spell: Ensorcelled Hibernation
  1176 | D:1      | Found a faded altar of an unknown god.
  1422 | D:1      | Reached XP level 3. HP: 26/26 MP: 6/6
  1798 | D:2      | Reached skill level 4 in Hexes
  2149 | D:2      | Reached skill level 1 in Ice Magic
  2504 | D:2      | Noticed Jessica
  2523 | D:2      | Found a glowing golden altar of the Shining One.
  2998 | D:3      | Found a runed translucent gate.
  3004 | D:3      | Found a runed translucent gate.
  3004 | D:3      | Found a runed translucent gate.
  3019 | D:3      | Reached XP level 4. HP: 31/32 MP: 2/7
  3479 | D:3      | Reached skill level 2 in Ice Magic
  3483 | D:3      | Learned a level 3 spell: Confusing Touch
  3607 | D:3      | Found a radiant altar of Vehumet.
  3608 | D:3      | Found a snail-covered altar of Cheibriados.
  3667 | D:3      | Noticed dudediamond6's ghost (amateur OpBr)
  3812 | D:2      | Slain by a gnoll

Vanquished Creatures
  A dart slug (D:1)
  8 orcs
  7 endoplasms
  A giant cockroach (D:2)
  2 goblins (D:2)
  3 hobgoblins (D:2)
  4 jackals
  3 kobolds (D:1)
  6 quokkas
  5 ball pythons
  3 bats
  2 frilled lizards
  4 rats
49 creatures vanquished.

Table legend: (Time is in decaauts)
 A = Elapsed time spent in this place.
 B = Non-inter-level travel time spent in this place.
 C = Inter-level travel time spent in this place.
 D = Time resting spent in this place.
 E = Time spent auto-exploring this place.
 F = Levels seen in this place.
 G = Mean time per level.
                   A        B        C        D        E       F      G
               +--------+--------+--------+--------+--------+-----+--------+
         Total |   3822 |   3755 |     67 |   1473 |   1650 |   3 | 1274.0 |
       Dungeon |   3822 |   3755 |     67 |   1473 |   1650 |   3 | 1274.0 |
               +--------+--------+--------+--------+--------+-----+--------+

Top non-repeatable levels by time:
     D:1: 1718 daAuts
     D:2: 1575 daAuts
     D:3: 528 daAuts

Table legend:
 A = Non-vault XP
 B = Vault XP
 C = Vault XP percentage of total XP
 D = Non-vault monster count
 E = Vault monster count
 F = Vault count percentage of total count
                 A         B        C        D         E       F
            +---------+---------+-------+---------+---------+-------
      Total |      94 |       3 |   3.1 |      47 |       2 |   4.1
            +---------+---------+-------+---------+---------+-------
        D:1 |      34 |       0 |   0.0 |      18 |       0 |   0.0
        D:2 |      33 |       3 |   8.3 |      18 |       2 |  10.0
        D:3 |      27 |       0 |   0.0 |      11 |       0 |   0.0
            +---------+---------+-------+---------+---------+-------
